 Dungeon Crawl Stone Soup version 0.25-a0-842-g81a31cfd23 (webtiles) character file.

Game seed: 8133194764928205900, levelgen mode: deterministic

3304 Nixze the Merchant of Misery (level 9, -7/68 HPs)
             Began as a Vampire Necromancer on Apr 24, 2020.
             Was a Believer of Kikubaaqudgha.
             Mangled by a two-headed ogre
             ... wielding a +0 giant club
              (23 damage)
             ... on level 9 of the Dungeon.
             The game lasted 00:24:06 (7979 turns).

Nixze the Merchant of Misery (Vampire Necromancer)  Turns: 7979, Time: 00:24:06

Health: -7/68      AC:  8    Str:  7    XL:     9   Next: 70%
Magic:  14/17      EV: 16    Int: 20    God:    Kikubaaqudgha [**....]
Gold:   379        SH:  0    Dex: 15    Spells: 5/19 levels left

rFire    + + +     SeeInvis +   x - +3 long sword "Hugale" {elec, Fragile rF++}
rCold    . . .     Gourm    .   (no shield)
rNeg     + . .     Faith    .   k - +2 robe {MR+}
rPois    .         Spirit   .   (no helmet)
rElec    .         Reflect  .   o - +2 cloak {MR+}
rCorr    .         Harm     .   (no gloves)
MR       ++...                  y - +0 pair of boots
Stlth    +++.......             (no amulet)
HPRegen  0.41/turn              d - ring of positive energy
MPRegen  0.15/turn              f - ring of protection from fire

@: regenerating quickly
A: no food, fangs 3, see invisible, unbreathing
a: Exsanguinate, Receive Corpses, Renounce Religion


You were on level 9 of the Dungeon.
You worshipped Kikubaaqudgha.
Kikubaaqudgha was pleased with you.
You were alive.

You visited 2 branches of the dungeon, and saw 10 of its levels.

You collected 469 gold pieces.
You spent 90 gold pieces at shops.

Inventory:

Hand Weapons
 e - a +1 whip of draining
 x - the +3 long sword "Hugale" (weapon) {elec, Fragile rF++}
   (You found it on level 4 of the Dungeon)

   Occasionally, upon striking a foe, it will discharge some electrical energy
   and cause terrible harm.
   It greatly protects you from fire.
   It will be destroyed if unequipped.
 E - the +3 quarterstaff of the Vase {vorpal, *Contam rF+ Str+6}
   (You found it on level 6 of the Dungeon)

   It inflicts extra damage upon your enemies.
   It affects your strength (+6).
   It protects you from fire.
   It causes magical contamination when unequipped.
 K - the cursed +1 quarterstaff "Vonuq" {vorpal, rN+ Str+4}
   (You found it on level 7 of the Dungeon)

   It inflicts extra damage upon your enemies.
   It affects your strength (+4).
   It protects you from negative energy.
   It has a curse placed upon it.
Missiles
 h - 232 stones (quivered)
Armour
 k - a +2 robe of magic resistance (worn)
 o - a +2 cloak of magic resistance (worn)
 y - a +0 pair of boots (worn)
Jewellery
 d - a ring of positive energy (left hand)
 f - a ring of protection from fire (right hand)
Wands
 s - a wand of clouds (2)
 v - a wand of digging (7)
 B - a wand of flame (32)
 D - a wand of paralysis (2)
 G - a wand of polymorph (8)
Scrolls
 i - 8 scrolls of remove curse
 j - a scroll of noise {unknown}
 q - a scroll of amnesia {unknown}
 r - 2 scrolls of teleportation
 u - a scroll of identify
 z - a scroll of fog {unknown}
 A - a scroll of blinking {unknown}
 I - 3 scrolls of enchant armour {unknown}
 J - a scroll of fear {unknown}
Potions
 a - 5 potions of curing
 b - a potion of brilliance
 c - a potion of magic
 g - 4 potions of heal wounds
 l - 4 potions of flight
 m - 4 potions of stabbing
 n - 2 potions of cancellation {unknown}
 p - 2 potions of lignification
 t - a potion of might {unknown}
 w - a potion of haste {unknown}
 C - a potion of mutation {unknown}


   Skills:
 + Level 5.1 Fighting
 + Level 6.7 Dodging
 - Level 5.0 Stealth
 + Level 5.6 Spellcasting
 * Level 10.7 Necromancy


You had 5 spell levels left.
You knew the following spells:

 Your Spells              Type           Power        Failure   Level  Hunger
a - Pain                  Necr           ####         1%          1    N/A
b - Animate Skeleton      Necr           N/A          1%          1    N/A
c - Vampiric Draining     Necr           #####.....   1%          3    N/A
d - Animate Dead          Necr           N/A          1%          4    N/A
e - Agony                 Necr           #####...     3%          5    N/A

Your spell library contained the following spells:

 Spells                   Type           Power        Failure   Level  Hunger
 Sublimation of Blood     Necr           #####.....   1%          2    N/A
 Poisonous Vapours        Pois/Air       #.....       17%         2    N/A
 Conjure Flame            Conj/Fire      #.......     32%         3    N/A
 Mephitic Cloud           Conj/Pois/Air  #.......     32%         3    N/A
 Freezing Cloud           Conj/Ice/Air   #.........   100%        6    N/A
 Ring of Flames           Chrm/Fire      #.........   100%        7    N/A

Dungeon Overview and Level Annotations

Branches:
Dungeon (9/15)             Temple (1/1) D:4            Lair (0/6) D:9
    Orc: D:9-12

Altars:
Ashenzari
Cheibriados
Dithmenos
Elyvilon
Fedhas
Gozag
Hepliaklqana
Kikubaaqudgha
Makhleb
Nemelex Xobeh
Okawaru
Qazlal
Ru
Sif Muna
Trog
Uskayaw
Vehumet
Wu Jian
Xom
Yredelemnul
Zin
The Shining One

Shops:
D:4 %*

Annotations:
D:4 3 runed translucent doors, zorro123's ghost, amateur MiFi
D:7 2 transporters, Conn's ghost, novice OpWz


Innate Abilities, Weirdness & Mutations

You do not eat.
Your natural rate of healing is unusually fast.
You have razor-sharp teeth.
You have supernaturally acute eyesight. (SInv)
You can survive without breathing.


Message History

* * * LOW HITPOINT WARNING * * *
There is a stone staircase leading up here.
Press: ? - help, v - describe, . - travel
Here: a two-headed ogre, wielding two +0 giant clubs (moderately wounded)
The floor.
Unknown command.
Unknown command.
There is a stone staircase leading up here.
Casting: Vampiric Draining (safe; 1% risk of failure)
Confirm with . or Enter, or press ? or * to list all spells.
Aiming: Vampiric Draining (safe; 1% risk of failure)
Press: ? - help, Shift-Dir - straight line, f/p - two-headed ogre
Aim: a two-headed ogre, wielding two +0 giant clubs (lightly wounded)
The two-headed ogre is moderately wounded.
You feel life coursing into your body.
The two-headed ogre hits you with a +0 giant club!!
* * * LOW HITPOINT WARNING * * *
The two-headed ogre hits you with a +0 giant club!!
You die...
Kikubaaqudgha rasps: "You have failed me!
Welcome... death!"

.# ########
##.(....#######
...........@O.#
##.###.#####.#
#...##.# #<#
#......# #.#
#...##.# #.#
##.###.# #.#
#.# #.# #.#
#.###.## #.#
#.##...####.#


You could see a two-headed ogre.

Vanquished Creatures
  Sigmund (D:4)
  A yak (D:7)
  A hungry ghost (D:7)
  Eustachio (D:3)
  2 soldier ants (D:8)
  A hornet zombie (D:8)
  An orc warrior (D:7)
  An ice beast (D:7)
  4 sky beasts
  2 phantoms
  2 ogres (D:8)
  A centaur (D:8)
  2 bullfrogs
  A scorpion (D:4)
  3 wights (D:7)
  2 howler monkeys (D:8)
  A crimson imp (D:7)
  3 hounds
  A quasit (D:8)
  A centaur zombie (D:6)
  A jelly (D:4)
  An orc wizard (D:7)
  Crazy Yiuf (D:2)
  An orc priest (D:7)
  A bullfrog skeleton (D:3)
  2 centaur skeletons
  Terence (D:2)
  3 iguanas
  7 worker ants
  A killer bee zombie (D:6)
  3 hound skeletons
  8 adders
  4 shadow imps
  3 adder zombies
  3 worms
  24 orcs
  4 bats
  A giant cockroach (D:2)
  3 hobgoblins
  20 jackals
  4 quokkas
  A ball python (D:1)
  4 frilled lizards
  4 goblins
  A jackal skeleton (D:5)
  8 kobolds
  A leopard gecko skeleton (D:7)
  A quokka skeleton (D:7)
  5 rats (D:1)
153 creatures vanquished.

Vanquished Creatures (collateral kills)
  A phantom (D:8)
  A bullfrog (D:7)
  2 wights (D:7)
  A hound (D:7)
  A bullfrog skeleton (D:4)
  A hound skeleton (D:6)
  An adder zombie (D:7)
  An adder skeleton (D:4)
  2 orcs (D:7)
  3 jackals
14 creatures vanquished.

Grand Total: 167 creatures vanquished

Notes
Turn   | Place    | Note
-------+----------+-------------------------------------------
     0 | D:1      | Nixze the Vampire Necromancer began the quest for the Orb.
     0 | D:1      | Reached XP level 1. HP: 13/13 MP: 3/3
   105 | D:1      | Learned a level 1 spell: Animate Skeleton
   388 | D:1      | Reached XP level 2. HP: 19/19 MP: 3/5
   836 | D:2      | Reached skill level 5 in Necromancy
   905 | D:2      | Found a blossoming altar of Fedhas.
  1020 | D:2      | Reached XP level 3. HP: 11/24 MP: 2/6
  1234 | D:2      | Found a faded altar of an unknown god.
  1386 | D:2      | Noticed Terence
  1398 | D:2      | Killed Terence
  1571 | D:2      | Reached XP level 4. HP: 30/30 MP: 5/7
  1576 | D:2      | Found a runed translucent door.
  1577 | D:2      | Noticed Crazy Yiuf
  1656 | D:2      | Learned a level 3 spell: Vampiric Draining
  1659 | D:2      | Killed Crazy Yiuf
  1772 | D:3      | Reached skill level 5 in Stealth
  1772 | D:3      | Reached skill level 6 in Necromancy
  1834 | D:3      | Reached XP level 5. HP: 29/36 MP: 1/8
  2295 | D:3      | Found a shattered altar of Ashenzari.
  2667 | D:4      | Found a runed translucent gate.
  2678 | D:4      | Found a runed translucent gate.
  2678 | D:4      | Found a runed translucent gate.
  2688 | D:4      | Reached skill level 1 in Fighting
  2806 | D:4      | Found a staircase to the Ecumenical Temple.
  2814 | Temple   | Entered the Ecumenical Temple
  2828 | Temple   | Became a worshipper of Kikubaaqudgha
  2914 | D:4      | Reached XP level 6. HP: 40/43 MP: 4/9
  3213 | D:4      | Found Risch's Food Shoppe.
  3219 | D:4      | Found an opulent altar of Gozag.
  3220 | D:4      | Got an ichor-stained long sword
  3221 | D:4      | Identified the +3 long sword "Hugale" {elec, Fragile rF++}
                  | (You found it on level 4 of the Dungeon)
  3240 | D:4      | Found Gozag's Platinum Reserve.
  3318 | D:4      | Found a hide-covered altar of Uskayaw.
  3318 | D:4      | Found a burning altar of Makhleb.
  3368 | D:4      | Noticed Eustachio
  3389 | D:4      | Found a white marble altar of Elyvilon.
  3449 | D:3      | Killed Eustachio
  3449 | D:3      | Reached skill level 7 in Necromancy
  3449 | D:3      | Reached XP level 7. HP: 38/50 MP: 6/11
  3497 | D:4      | Learned a level 4 spell: Animate Dead
  3605 | D:4      | Noticed zorro123's ghost (amateur MiFi)
  3682 | D:4      | Noticed Sigmund
  3691 | D:4      | Killed Sigmund
  3843 | D:5      | Entered Level 5 of the Dungeon
  4210 | D:5      | Found Zin's Purification Station.
  4210 | D:5      | Found a glowing silver altar of Zin.
  4218 | D:5      | Bought a potion of curing for 90 gold pieces
  4772 | D:6      | Found a shadowy altar of Dithmenos.
  4776 | D:6      | Reached skill level 8 in Necromancy
  5053 | D:6      | Reached XP level 8. HP: 55/58 MP: 13/13
  5212 | D:6      | Got a scorched quarterstaff
  5219 | D:6      | Reached * piety under Kikubaaqudgha
  5219 | D:6      | Identified Kikubaaqudgha's Papyrus of Stolen Souls
                  | (Kikubaaqudgha gifted it to you on level 6 of the Dungeon)
  5219 | D:6      | Received a gift from Kikubaaqudgha
  5229 | D:6      | Learned a level 5 spell: Agony
  5780 | D:7      | Reached skill level 5 in Dodging
  5834 | D:7      | Reached skill level 9 in Necromancy
  6088 | D:7      | Reached XP level 9. HP: 36/65 MP: 16/16
  6104 | D:7      | Reached ** piety under Kikubaaqudgha
  6302 | D:7      | Noticed a moth of wrath
  6303 | D:7      | Found a bloodstained altar of Trog.
  6305 | D:7      | Noticed Conn's ghost (novice OpWz)
  6310 | D:7      | Found a transporter.
  6312 | D:7      | Found a transporter.
  6315 | D:7      | Got an encrusted quarterstaff
  6316 | D:7      | Identified the cursed +1 quarterstaff "Vonuq" {vorpal, rN+
                  | Str+4} (You found it on level 7 of the Dungeon)
  6317 | D:7      | Identified the +3 quarterstaff of the Vase {vorpal, *Contam
                  | rF+ Str+6} (You found it on level 6 of the Dungeon)
  6386 | D:7      | Found a bloodstained altar of Trog.
  6695 | D:8      | Reached skill level 5 in Spellcasting
  6850 | D:8      | Reached skill level 10 in Necromancy
  7397 | D:8      | Found a glowing golden altar of the Shining One.
  7622 | D:8      | Reached skill level 5 in Fighting
  7842 | D:9      | Found a staircase to the Lair.
  7842 | D:9      | Noticed a death yak
  7843 | D:9      | Noticed a death yak
  7843 | D:9      | Noticed a death yak
  7913 | D:9      | Noticed a two-headed ogre
  7979 | D:9      | Mangled by a two-headed ogre

Levels and vault maps discovered:
D:1:      tarquinn_simple_flora_water_d, layout_loops_ring
D:2:      layout_rooms, lemuel_round_altar, first_ration,
          chequers_ecumenical_altar_simple, hangedman_abyss_or_decor_stabs,
          minmay_misc_feat_enclosed, uniq_crazy_yiuf_cottage, uniq_terence
D:3:      layout_rooms, lemuel_crystal_altar, serial_park_tiny_pond,
          wad_orctagon
D:4:      layout_cave_pools, elyvilon_altar_3, nicolae_gozag_zags_fifth_avenue,
          chequers_temple_overflow_statue_of_worship, minmay_temple_entry_hall,
          gammafunk_ghost_split, serial_glass, glass_columns_a, glass_columns_b,
          glass_columns_a, glass_columns_a, glass_columns_b, glass_columns_a,
          serial_shops, shop_fountains, uniq_sigmund, uniq_eustachio
D:5:      layout_gridville, zin_purify
D:6:      layout_gridville, grunt_dithmenos_shadows
D:7:      minmay_opposing_rooms, layout_cave_pods, old_standard_altar,
          gammafunk_ghost_wrathful_warriors
D:8:      layout_loops_ring, kennysheep_mini, hangedman_pestilent_swarm,
          nrook_mini_vaults
D:9:      layout_loops_ring, dpeg_lair_monsters, serial_co_window_serial,
          co_window_paths_a, co_window_cross_1, co_window_paths_a,
          co_window_paths_b, co_window_paths_a, co_window_2corner,
          co_window_of_opportunity_c, co_window_cross_2, glass_columns_a,
          glass_columns_a, st_stairs_7
Temple:   nicolae_temple_god_jail

Skill      XL: |  1  2  3  4  5  6  7  8  9 |
---------------+----------------------------+-----
Necromancy     | 5 6 7 8 9 10 | 10.7
Stealth        | 4 5 |  5.0
Fighting       | 1 2 3 4 5 |  5.1
Dodging        | 3 4 5 6 |  6.7
Spellcasting   | 3 4 5 |  5.6

Action                   |  1- 3 |  4- 6 |  7- 9 || total
-------------------------+-------+-------+-------++-------
Melee: Whip              |    22 |   108 |       ||   130
       Bite              |       |    16 |    19 ||    35
       Long sword        |       |     9 |   165 ||   174
Throw: Stone             |       |     1 |     1 ||     2
 Cast: Pain              |    44 |    75 |    72 ||   191
       Animate Skeleton  |    14 |    19 |       ||    33
       Vampiric Draining |       |     4 |    19 ||    23
       Animate Dead      |       |       |    16 ||    16
  Use: Scroll            |       |       |    13 ||    13
       Potion            |       |       |     1 ||     1
 Stab: Sleeping          |     1 |     1 |     9 ||    11
       Distracted        |       |     1 |     1 ||     2
Armor: Robe              |     4 |    68 |    66 ||   138
Dodge: Dodged            |    23 |   161 |   207 ||   391
       Rpst.: Long sword |       |    22 |    53 ||    75

Table legend:
 A = Non-vault XP
 B = Vault XP
 C = Vault XP percentage of total XP
 D = Non-vault monster count
 E = Vault monster count
 F = Vault count percentage of total count
                 A         B        C        D         E       F
            +---------+---------+-------+---------+---------+-------
      Total |    3014 |    1706 |  36.1 |     146 |      21 |  12.6
            +---------+---------+-------+---------+---------+-------
        D:1 |      23 |       0 |   0.0 |      17 |       0 |   0.0
        D:2 |      38 |      78 |  67.2 |      13 |       2 |  13.3
        D:3 |     126 |     193 |  60.5 |      30 |       5 |  14.3
        D:4 |     321 |     197 |  38.0 |      22 |       1 |   4.3
        D:5 |     219 |       0 |   0.0 |       9 |       0 |   0.0
        D:6 |     217 |     121 |  35.8 |       9 |       1 |  10.0
        D:7 |     783 |     763 |  49.4 |      26 |       8 |  23.5
        D:8 |    1047 |     354 |  25.3 |      17 |       4 |  19.0
        D:9 |     240 |       0 |   0.0 |       3 |       0 |   0.0
            +---------+---------+-------+---------+---------+-------
